 Dungeon Crawl Stone Soup version 0.21.1-1-g345015f (webtiles) character file.

106 Mirai the Magician (level 4, -3/24 HPs)
             Began as a Deep Elf Conjurer on Apr 5, 2018.
             Slain by an orc wizard
             ... wielding a +0 dagger
              (4 damage)
             ... on level 3 of the Dungeon.
             The game lasted 00:03:56 (1754 turns).

Mirai the Magician (Deep Elf Conjurer)              Turns: 1754, Time: 00:03:57

Health: -3/24      AC:  3    Str:  5    XL:     4   Next: 55%
Magic:  5/14       EV: 13    Int: 21    God:
Gold:   212        SH:  0    Dex: 15    Spells: 4/15 levels left

rFire    . . .     SeeInvis .   s - +3 quarterstaff (chaos)
rCold    . . .     Gourm    .   (shield currently unavailable)
rNeg     . . .     Faith    .   a - +0 robe
rPois    .         Spirit   .   (no helmet)
rElec    .         Reflect  .   t - +0 cloak
rCorr    .         Harm     .   (no gloves)
MR       .....                  (no boots)
Stlth    ++........             (no amulet)
HPRegen  0.08/turn              (no ring)
MPRegen  0.14/turn              (no ring)

@: no status effects
A: no striking features
a: no special abilities


You were on level 3 of the Dungeon.
You were hungry.

You visited 1 branch of the dungeon, and saw 3 of its levels.

You collected 212 gold pieces.

Inventory:

Hand Weapons
 s - a +3 quarterstaff of chaos (weapon)
Armour
 a - a +0 robe (worn)
 t - a +0 cloak (worn)
Scrolls
 f - a scroll of magic mapping {unknown}
 g - 5 scrolls of remove curse {unknown}
 i - a scroll of blinking {unknown}
 k - 6 scrolls of identify {unknown}
 l - 2 scrolls of amnesia {unknown}
 m - 2 scrolls of enchant armour {unknown}
 o - a scroll of fog {unknown}
 p - a scroll of random uselessness {unknown}
 r - a scroll of teleportation {unknown}
Potions
 d - a potion of ambrosia {unknown}
 e - 3 potions of curing {unknown}
 h - a potion of mutation {unknown}
 j - a potion of magic {unknown}
 n - 2 potions of might {unknown}
Books
 b - a book of Conjurations

   Spells                             Type                      Level
   a - Magic Dart                     Conjuration                  1
   b - Searing Ray                    Conjuration                  2
   c - Dazzling Spray                 Conjuration/Hexes            3
   d - Fulminant Prism                Conjuration/Hexes            4
   e - Force Lance                    Conjuration/Translocation    4
   f - Iskenderun's Mystic Blast      Conjuration                  4
Comestibles
 c - 4 rations
 q - a chunk of flesh


   Skills:
 + Level 2.7 Dodging
 - Level 2.4 Stealth
 + Level 6.1 Spellcasting
 + Level 4.5 Conjurations
 + Level 1.0 Hexes


You had 4 spell levels left.
You knew the following spells:

 Your Spells              Type           Power        Failure   Level  Hunger
a - Magic Dart            Conj           ####         1%          1    None
b - Searing Ray           Conj           ####..       2%          2    None
c - Iskenderun's Mystic   Conj           ####....     14%         4    ####...
d - Fulminant Prism       Conj/Hex       ###.......   30%         4    ####...


Dungeon Overview and Level Annotations

Branches:
Dungeon (3/15)

Altars:
Gozag


Message History

You are feeling hungry.
The orc wizard gestures at you while chanting.
The magic dart hits you!
The orc wizard casts a spell.
The orc wizard seems to speed up.
Casting: Iskenderun's Mystic Blast
Confirm with . or Enter, or press ? or * to list all spells.
Aiming: Searing Ray
Press: ? - help, Shift-Dir - straight line The searing ray hits the orc wizard.
The orc wizard is heavily wounded. (Press . to maintain the ray.)
The orc wizard casts a spell at you. The puff of frost hits you!
Ouch! That really hurt!
* * * LOW HITPOINT WARNING * * *
The searing ray hits the orc wizard.
The orc wizard is almost dead.
The orc wizard hits you with a dagger.
You die...

#..... #....
#.... ....
#.####
#....######
#......oo@#
#((..####.#
>...w..o####
#.#
.####.#.#
#.# ...#.#
#.### #...
...
#...######
#### ).)
#.#......#
..o.
#........#
.o..#
#........#


You could see an orc wizard and an orc.

Vanquished Creatures
  Crazy Yiuf (D:2)
  A worker ant (D:3)
  2 worms
  2 leopard geckos
  2 orcs (D:3)
  A giant cockroach (D:3)
  4 goblins
  6 hobgoblins
  6 jackals
  A ball python (D:2)
  5 bats
  A frilled lizard (D:1)
  6 kobolds
  2 rats
40 creatures vanquished.

Notes
Turn   | Place    | Note
-------+----------+-------------------------------------------
     0 | D:1      | Mirai the Deep Elf Conjurer began the quest for the Orb.
     0 | D:1      | Reached XP level 1. HP: 10/10 MP: 6/6
   218 | D:1      | Reached skill level 4 in Spellcasting
   218 | D:1      | Reached XP level 2. HP: 15/15 MP: 6/9
   222 | D:1      | Learned a level 2 spell: Searing Ray
   783 | D:2      | Reached XP level 3. HP: 19/19 MP: 7/11
   922 | D:2      | Reached skill level 5 in Spellcasting
  1253 | D:2      | Found a runed door.
  1259 | D:2      | Noticed Crazy Yiuf
  1264 | D:2      | Killed Crazy Yiuf
  1264 | D:2      | Reached XP level 4. HP: 24/24 MP: 4/13
  1420 | D:3      | Learned a level 4 spell: Iskenderun's Mystic Blast
  1425 | D:3      | Learned a level 4 spell: Fulminant Prism
  1451 | D:3      | Found an opulent altar of Gozag.
  1510 | D:3      | Reached skill level 6 in Spellcasting
  1707 | D:3      | Reached skill level 1 in Hexes
  1753 | D:3      | HP: 1/24 [orc wizard/puff of frost (12)]
  1754 | D:3      | Slain by an orc wizard

Skill      XL: |  1  2  3  4 |
---------------+-------------+-----
Spellcasting   | 4 5 6 |  6.1
Hexes          | 1 |  1.0
Dodging        | |  2.7
Stealth        | |  2.4
Conjurations   | |  4.5

Action                   |  1- 3 |  4- 6 || total
-------------------------+-------+-------++-------
Melee: Unarmed           |     7 |       ||     7
       Dagger            |     2 |       ||     2
       Quarterstaff      |       |     4 ||     4
 Cast: Magic Dart        |    61 |     9 ||    70
       Searing Ray       |     1 |     4 ||     5
       Iskenderun's Myst |       |     1 ||     1
  Eat: Chunk             |     1 |     1 ||     2
Armor: Robe              |     1 |     3 ||     4
Dodge: Dodged            |     7 |     6 ||    13
